 Dungeon Crawl Stone Soup version 0.29-a0-308-g4e025c60ea (webtiles) character file.

Game seed: 8120437279176335300

1747 KristoblXynda the Carver (level 8, 4/71 HPs)
             Began as a Green Draconian Gladiator on Mar 27, 2022.
             Was a Believer of Okawaru.
             Quit the game on level 5 of the Dungeon on Mar 28, 2022.
             The game lasted 00:09:31 (8321 turns).

KristoblXynda the Carver (DrGl)                     Turns: 8321, Time: 00:09:32

Health: 4/71       AC:  9    Str: 18    XL:     8   Next: 77%
Magic:  9/9        EV: 14    Int:  8    God:    Okawaru [**....]
Gold:   401        SH:  0    Dex: 14    Spells: 7/7 levels left

rFire   . . .      SeeInvis .   a - +0 long sword
rCold   . . .      Faith    .   (no shield)
rNeg    . . .      Spirit   .   (body armour unavailable)
rPois   +          Reflect  .   b - +0 hat
rElec   .          Harm     .   j - +0 cloak
rCorr   .          Rampage  .   k - +0 pair of gloves
Will    .....                   v - +0 pair of boots
Stlth   +.........              (no amulet)
HPRegen 0.21/turn               (no ring)
MPRegen 0.11/turn               (no ring)

@: lethally poisoned (4 -> -7), short of breath, hasted, very quick
A: breathe noxious fumes, AC +6, unfitting armour, poison resistance,
cold-blooded
a: Breathe Noxious Fumes, Renounce Religion, Heroism


You were on level 5 of the Dungeon.
You worshipped Okawaru.
Okawaru was pleased with you.
You visited 1 branch of the dungeon, and saw 6 of its levels.

You collected 401 gold pieces.

Inventory:

Hand Weapons
 a - a +0 long sword (weapon)
 r - a +0 scimitar
Missiles
 c - a throwing net (quivered)
 d - a javelin
Armour
 b - a +0 hat (worn)
 j - a +0 cloak (worn)
 k - a +0 pair of gloves (worn)
 v - a +0 pair of boots (worn)
Wands
 p - a wand of iceblast (5)
Scrolls
 e - 2 scrolls of silence
 g - a scroll of magic mapping {unknown}
 h - 2 scrolls of holy word
 n - a scroll of blinking
 o - a scroll of enchant weapon {unknown}
 s - a scroll of brand weapon {unknown}
 t - a scroll of teleportation {unknown}
Potions
 i - a potion of might
 m - a potion of resistance
 q - a potion of invisibility


   Skills:
 + Level 6.4 Fighting
 * Level 8.1 Long Blades
 - Level 2.0 Throwing
 + Level 5.8 Dodging
 - Level 2.4 Invocations


You had 7 spell levels left.
You didn't know any spells.
Your spell library contained the following spells:

 Spells                   Type           Power      Damage    Failure   Level
 Slow                     Hex            0%         N/A       41%         1
 Corpse Rot               Necr/Air       0%         N/A       54%         2
 Poisonous Vapours        Pois/Air       0%         N/A       54%         2
 Confusing Touch          Hex            0%         N/A       78%         3
 Vampiric Draining        Necr           0%         2d6       78%         3
 Summon Small Mammal      Summ           Unusable   N/A       N/A         1
 Call Canine Familiar     Summ           Unusable   N/A       N/A         3
 Summon Guardian Golem    Hex/Summ       Unusable   N/A       N/A         3

Dungeon Overview and Level Annotations

Branches:
Dungeon (6/15)
 Temple: D:4-7

Altars:
Gozag
Okawaru
Ru
Sif Muna
Xom

Shops:
D:3 [

Annotations:
D:6 Eustachio


Innate Abilities, Weirdness & Mutations

You can breathe blasts of noxious fumes.
Your lurid green scales are hard. (AC +6)
You cannot fit into any form of body armour.
Your system is resistant to poisons. (rPois)
You are cold-blooded and may be slowed by cold attacks.


Message History

You feel sick.
You feel sick.
You feel sick.
You are no longer poisoned.
Aiming: Breathe Noxious Fumes (4% risk of failure)
Press: ? - help, Shift-Dir - straight line You exhale a blast of noxious fumes.
The blast of choking fumes misses the water moccasin.
The blast of choking fumes misses the adder.
The adder is engulfed in noxious fumes.
The adder appears confused.
The adder falls into the lava!
The adder is incinerated.
Okawaru accepts your kill.
Okay, then.
Throw: 3 throwing nets
Press: ? - help, Q - select action, (/) - cycle Shift-Dir - straight line, f - water moccasin
Aim: a water moccasin (noxious fumes, 46% to hit)
You throw a throwing net.
The throwing net barely misses the water moccasin.
The water moccasin misses you.
The water moccasin completely misses you.
Throw: 2 throwing nets
Press: ? - help, Q - select action, (/) - cycle Shift-Dir - straight line, f/p - water moccasin
Aim: a water moccasin (noxious fumes, 46% to hit)
You throw a throwing net.
The throwing net closely misses the water moccasin.
The water moccasin bites you.
* * * LOW HITPOINT WARNING * * *
You are lethally poisoned!
The water moccasin poisons you!
It was a potion of haste.
You feel yourself speed up.
* * * LOW HITPOINT WARNING * * *
You feel very sick. The water moccasin closely misses you.
Unknown command.
Welcome back, KristoblXynda the Green Draconian Gladiator.
Okawaru says: Bring me glory in combat!
Press ? for a list of commands and other information.
Okay, then.
Are you sure you want to abandon this character and quit the game? (Confirm with "yes".)

..###....P.# ##.####..####......
.####....P.# #..# ###..........
.# #.......# #.########....#....
.# #......## ##.##...........##..
.###....P.# ##..##.≈≈≈≈≈≈.≈≈.##..
#.....)..####..###.≈.......≈....#
#.######..##...###.≈.≈≈≈≈≈.≈...##
..# ##.......##.≈.≈...≈.≈...##
.## #..####.@#.≈.≈._.≈.≈....# .##
##.## ###S.≈.≈.(.≈.≈..... ..##
##..## #°.≈..≈≈≈≈.§...##
..)####....# ##○≈.......≈...#
...........## #°≈≈≈≈§≈≈≈≈...##
............## ##○..............
...#.........####..°.............
..#...........##|###...(§...##.##
.##.......###...## ##....##..#.#


You could see a water moccasin.

Vanquished Creatures
  Pikel (D:5)
  Grinder (D:3)
  Sigmund (D:5)
  Menkaure (D:5)
  A water moccasin (D:4)
  An orc warrior (D:5)
  An ogre (D:5)
  A phantom (D:5)
  2 scorpions
  A hound (D:5)
  2 orc priests
  2 orc wizards (D:5)
  2 iguanas (D:5)
  7 adders
  A shadow imp (D:6)
  A white imp (D:5)
  A worm (D:5)
  A dart slug (D:3)
  13 orcs
  4 ball pythons
  6 endoplasms
  3 giant cockroaches
  10 goblins
  4 hobgoblins
  4 jackals (D:2)
  6 quokkas
  8 bats
  4 frilled lizards
  13 kobolds
  12 rats
115 creatures vanquished.

Vanquished Creatures (others)
  12 fungi (D:5)
  A plant (D:3)
  2 toadstools (D:5)
15 creatures vanquished.

Grand Total: 130 creatures vanquished

Notes
Turn   | Place    | Note
-------+----------+-------------------------------------------
     0 | D:1      | KristoblXynda the Draconian Gladiator began the quest for
                  | the Orb.
     0 | D:1      | Reached XP level 1. HP: 17/17 MP: 1/1
   512 | D:1      | Reached XP level 2. HP: 25/25 MP: 2/2
  1335 | D:2      | Found a faded altar of an unknown god.
  1368 | D:2      | Reached XP level 3. HP: 27/30 MP: 3/3
  1851 | D:2      | Reached XP level 4. HP: 38/38 MP: 4/4
  1852 | D:2      | Reached skill level 4 in Long Blades
  2633 | D:3      | HP: 1/38 [orc priest/nerve-wracking pain (10)]
  3227 | D:3      | Noticed Grinder
  3228 | D:3      | Found a large runed translucent door.
  3239 | D:3      | Paralysed by Grinder for 2 turns
  3245 | D:3      | Paralysed by Grinder for 5 turns
  3251 | D:3      | Killed Grinder
  3252 | D:3      | Reached skill level 5 in Long Blades
  3252 | D:3      | Reached XP level 5. HP: 22/46 MP: 5/5
  3252 | D:3      | Reached XP level 6. HP: 25/52 MP: 6/6
  3415 | D:3      | Found a large runed translucent door.
  3424 | D:3      | Found an iron altar of Okawaru.
  3440 | D:3      | Found a shimmering blue altar of Sif Muna.
  3454 | D:3      | Became a worshipper of Warmaster Okawaru
  3598 | D:3      | Found Ede Jas's Antique Armour Shop.
  4037 | D:3      | Found a shimmering altar of Xom.
  4222 | D:4      | Noticed a water moccasin
  4243 | D:4      | Killed a water moccasin
  5197 | D:4      | Your scales start taking on a lurid green colour.
  5197 | D:4      | Reached XP level 7. HP: 59/60 MP: 7/7
  5197 | D:4      | Gained mutation: Your system is resistant to poisons.
                  | (rPois) [Green Draconian growth]
  5242 | D:4      | Reached skill level 6 in Long Blades
  5517 | D:5      | Entered Level 5 of the Dungeon
  5835 | D:5      | Reached skill level 1 in Invocations
  5968 | D:5      | Noticed Menkaure
  5970 | D:5      | Found an opulent altar of Gozag.
  5977 | D:5      | HP: 3/60 [Menkaure (8)]
  5980 | D:5      | Killed Menkaure
  5981 | D:5      | Reached skill level 5 in Fighting
  6943 | D:5      | Reached * piety under Okawaru
  6962 | D:5      | Reached skill level 5 in Dodging
  6962 | D:5      | Reached XP level 8. HP: 20/68 MP: 9/9
  7308 | D:5      | Noticed Sigmund
  7361 | D:5      | Killed Sigmund
  7362 | D:5      | Reached skill level 7 in Long Blades
  7439 | D:5      | Found a sacrificial altar of Ru.
  7740 | D:5      | Noticed Pikel
  7784 | D:5      | Killed Pikel
  7784 | D:5      | Reached ** piety under Okawaru
  7785 | D:5      | Reached skill level 8 in Long Blades
  8075 | D:6      | Noticed Eustachio
  8321 | D:5      | Upgraded the game from 0.29-a0-307-gecccbbdb84 to
                  | 0.29-a0-308-g4e025c60ea
  8321 | D:5      | Quit the game

Illustrated notes

Levels and vault maps discovered:
D:1:      eino_arrival_water_cross, layout_loops_ring
D:2:      minmay_thinvault, layout_basic, shapermc_ecumenical_altar_totnotflames
D:3:      layout_basic, tgw_xom, jmf_multi_god_temple2, serial_shops, shop,
          kennysheep_boxes, uniq_grinder
D:4:      layout_loops_ring, minmay_puff
D:5:      layout_layer_cave, lemuel_crystal_altar,
          mainiacjoe_overflow_concentric_impassable,
          ebering_dispersal_statue_hall, minmay_gold_behind_fungi,
          minmay_hedge_maze, nicolae_figureground_sparkle, uniq_sigmund,
          uniq_menkaure, uniq_pikel
D:6:      layout_cave_pods, trog_wizard, pf_just_have_faith, uniq_eustachio

Skill      XL: |  1  2  3  4  5  6  7  8 |
---------------+-------------------------+-----
Throwing       | 2 |  2.0
Dodging        | 3 4 5 |  5.8
Fighting       | 3 4 5 6 |  6.4
Long Blades    | 5 6 8 |  8.1
Invocations    | 2 |  2.4

Action                   |  1- 3 |  4- 6 |  7- 9 || total
-------------------------+-------+-------+-------++-------
Melee: Long sword        |   106 |   181 |   156 ||   443
       Tailslap          |    11 |    28 |    21 ||    60
       Punch             |     2 |       |     1 ||     3
Throw: Throwing net      |       |     3 |     2 ||     5
 Abil: Breathe Noxious F |       |       |    10 ||    10
Evoke: Wand              |       |     5 |       ||     5
  Use: Potion            |     1 |     2 |     2 ||     5
       Scroll            |       |     5 |     4 ||     9
 Stab: Sleeping          |     1 |       |       ||     1
       Confused          |       |       |     5 ||     5
Armor: Skin              |    45 |    65 |    92 ||   202
Dodge: Dodged            |    83 |   127 |   139 ||   349

Table legend: (Time is in decaauts)
 A = Elapsed time spent in this place.
 B = Non-inter-level travel time spent in this place.
 C = Inter-level travel time spent in this place.
 D = Time resting spent in this place.
 E = Time spent auto-exploring this place.
 F = Levels seen in this place.
 G = Mean time per level.
                   A        B        C        D        E       F      G
               +--------+--------+--------+--------+--------+-----+--------+
         Total |   8390 |   8232 |    158 |   1930 |   5077 |   6 | 1398.3 |
       Dungeon |   8390 |   8232 |    158 |   1930 |   5077 |   6 | 1398.3 |
               +--------+--------+--------+--------+--------+-----+--------+

Top non-repeatable levels by time:
     D:5: 2770 daAuts
     D:2: 1807 daAuts
     D:3: 1455 daAuts
     D:4: 1359 daAuts
     D:1: 956 daAuts
     D:6: 42 daAuts
